 Dungeon Crawl Stone Soup version 0.28.0-43-g3370ac3207 (webtiles) character file.

Game seed: 6238435959952666581

594543 smarlow the Slayer (level 27, -1/211 HPs)
             Began as a Djinni Conjurer on Mar 6, 2022.
             Was the Champion of Makhleb.
             Slain by a hell knight
             ... wielding a +0 halberd of flaming
              (4 damage)
             ... while paralysed by accursed screaming
             ... on level 5 of the Abyss.
             The game lasted 05:08:44 (59856 turns).

smarlow the Slayer (Djinni Conjurer)               Turns: 59856, Time: 05:08:44

Health: -1/211     AC:  9    Str:  6      XL:     27
Gold:   6774       EV:  2    Int: 23 (25) God:    Makhleb [******] SH:  0 Dex: 14

rFire   + + +      SeeInvis +   m - staff of conjuration
rCold   . . .      Faith    .   O - +4 kite shield {AC+3}
rNeg    + + +      Spirit   .   D - +2 robe {Archmagi}
rPois   ∞          Reflect  .   J - -2 hat of the Alchemist {rElec rPois rF+ rC+ rN+ Will+ rMut rCorr}
rElec   +          Harm     .   c - scarf {repulsion}
rCorr   +          Rampage  +   b - +2 pair of gloves {Stlth+}
rMut    +          Archmagi + + (boots unavailable)
Will    +++++      Rage     3%  w - amulet "Fehirats" {Rampage rPois Will++ Regen+}
Stlth   +++++++...              E - ring of the Mage {Wiz Archmagi}
HPRegen 1.25/turn               W - ring "Olede" {rN+ rCorr Int-5 SInv}
MPRegen 0.00/turn

@: paralysed, mighty, petrified, flying, slightly contaminated, studying
Fighting, repel missiles, unable to read
A: sickness immunity, fire resistance 2, cold vulnerability 1, float, innate
caster, HP casting, extra vitality 1, [berserk 2], [clumsy 1], [inability to
read while threatened]
}: 4/15 runes: serpentine, barnacled, slimy, silver
a: Renounce Religion, Minor Destruction, Lesser Servant of Makhleb, Major
Destruction, Greater Servant of Makhleb


You were on level 5 of the Abyss.
You worshipped Makhleb.
Makhleb was exalted by your worship.
You visited 11 branches of the dungeon, and saw 51 of its levels.
You visited the Abyss 2 times.
You also visited: Bailey and Ice Cave.

You collected 10066 gold pieces.
You spent 3292 gold pieces at shops.

Inventory:

Hand Weapons
 H - the +10 mace "Orasch" {vamp, +Blink rF+ rN+ Will++}
   (You found it on level 5 of the Vaults)

   It occasionally heals its wielder for a portion of the damage dealt when it
   wounds a living foe.
   rF:        It protects you from fire.
   rN:        It protects you from negative energy.
   +Blink:    It lets you blink.
   Will:      It greatly increases your willpower.
Missiles
 Q - 15 throwing nets
Armour
 b - a +2 pair of gloves of stealth (worn)
 c - a scarf of repulsion (worn)
 d - a +2 buckler of cold resistance
 D - a +2 robe of the Archmagi (worn)
 J - the -2 hat of the Alchemist (worn) {rElec rPois rF+ rC+ rN+ Will+ rMut rCorr}
   (You bought it in a shop on level 2 of the Orcish Mines)

   rF:        It protects you from fire.
   rC:        It protects you from cold.
   rElec:     It insulates you from electricity.
   rPois:     It protects you from poison.
   rN:        It protects you from negative energy.
   rCorr:     It protects you from acid and corrosion.
   rMut:      It protects you from mutation.
   Will:      It increases your willpower.
 O - a +4 kite shield of protection (worn)
Magical Staves
 m - a staff of conjuration (weapon)
 z - a staff of earth
Jewellery
 t - the ring of Zacats {rPois rF+ rN+ Dex+4}
   (You found it on level 5 of the Vaults)

   [ring of poison resistance]

   Dex:       It affects your dexterity (+4).
   rF:        It protects you from fire.
   rPois:     It protects you from poison.
   rN:        It protects you from negative energy.
 w - the amulet "Fehirats" (around neck) {Rampage rPois Will++ Regen+}
   (You found it on level 7 of the Dungeon)

   [amulet of regeneration]

   rPois:     It protects you from poison.
   Regen:     It increases your rate of health regeneration.
   Rampage:   It bestows one free step when moving towards enemies.
   Will:      It greatly increases your willpower.
 E - the ring of the Mage (left hand) {Wiz Archmagi}
   (You found it on level 1 of the Depths)

   [ring of wizardry]

   It improves your spell success rate.
   Archmagi:  It increases the power of your magical spells.
 F - the ring "Icsuyddo" {Contam rC+ Will+ Dex+6}
   (You acquired it on level 11 of the Dungeon)

   [ring of willpower]

   Dex:       It affects your dexterity (+6).
   rC:        It protects you from cold.
   Contam:    It causes magical contamination when unequipped.
   Will:      It increases your willpower.
 W - the ring "Olede" (right hand) {rN+ rCorr Int-5 SInv}
   (You found it on level 5 of the Pits of Slime)

   [ring of see invisible]

   Int:       It affects your intelligence (-5).
   rN:        It protects you from negative energy.
   SInv:      It lets you see invisible.
   rCorr:     It protects you from acid and corrosion.
 X - the amulet "Sefidaha" {Acrobat Rampage rElec Str+2}
   (You found it on level 5 of the Pits of Slime)

   [amulet of the acrobat]

   It increases your evasion while moving and waiting.
   Str:       It affects your strength (+2).
   rElec:     It insulates you from electricity.
   Rampage:   It bestows one free step when moving towards enemies.
Wands
 a - a wand of paralysis (18)
 n - a wand of charming (9)
 u - a wand of acid (23)
 x - a wand of digging (25)
 A - a wand of iceblast (49)
 G - a wand of polymorph (31)
 L - a wand of flame (36)
 P - a wand of mindburst (13)
Scrolls
 e - 4 scrolls of magic mapping
 j - 5 scrolls of fog
 l - 6 scrolls of immolation
 r - a scroll of holy word
 s - a scroll of enchant armour
 y - 4 scrolls of torment
 C - 10 scrolls of teleportation
 K - 7 scrolls of silence
 N - 7 scrolls of fear
 R - 3 scrolls of enchant weapon
Potions
 f - 18 potions of curing
 g - a potion of heal wounds
 h - 12 potions of might
 i - 8 potions of invisibility
 k - 2 potions of cancellation
 o - 2 potions of mutation
 p - 5 potions of brilliance
 v - 9 potions of resistance
 B - 5 potions of haste
 I - 4 potions of ambrosia


   Skills:
 + Level 22.0 Fighting
 - Level 14.2 Armour
 - Level 16.2 Dodging
 - Level 15.9 Stealth
 - Level 13.3 Shields
 * Level 21.8 Spellcasting
 - Level 14.9 Invocations


You couldn't memorise any spells.
You knew the following spells:

 Your Spells              Type           Power      Damage    Failure   Level
a - Magic Dart            Conj           100%       1d8       0%          1
b - Searing Ray           Conj           100%       2d8       0%          2
c - Dazzling Flash        Conj/Hex       100%       N/A       0%          3
d - Fulminant Prism       Conj/Hex       81%        3d34      0%          4
e - Iskenderun's Mystic   Conj/Tloc      100%       2d19      0%          4
f - Beastly Appendage     Tmut           100%       N/A       0%          1
g - Corpse Rot            Necr/Air       100%       N/A       0%          2
h - Stone Arrow           Conj/Erth      100%       3d13      0%          3
i - Flame Wave            Conj/Fire      100%       2d17      0%          4
j - Iskenderun's Battles  Conj           100%       2d15      0%          5
k - Manifold Assault      Tloc           100%       N/A       0%          5
l - Summon Cactus Giant   Summ           68%        N/A       1%          6
m - Starburst             Conj/Fire      81%        6d21      1%          6
n - Orb of Destruction    Conj           81%        9d18      1%          7
o - Enfeeble              Hex            68%        N/A       1%          7
p - Monstrous Menagerie   Summ           68%        N/A       1%          7
q - Lehudib's Crystal Sp  Conj/Erth      81%        10d18     1%          8
r - Fire Storm            Conj/Fire      81%        8d20      16%         9
Your spell library was empty.

Dungeon Overview and Level Annotations

Branches:
Dungeon (15/15)            Temple (1/1) D:5            Lair (6/6) D:11
 Shoals (4/4) Lair:2        Snake (4/4) Lair:2        Slime (5/5) Lair:6
    Orc (2/2) D:9             Elf (2/3) Orc:2        Vaults (5/5) D:13
  Crypt (3/3) Vaults:3       Tomb (0/3) Crypt:3      Depths (4/4) D:15
    Zot (0/5) Depths:4     Bailey (visited)           IceCv (visited)

Altars:
Ashenzari
Cheibriados
Dithmenos
Elyvilon
Fedhas
Gozag
Hepliaklqana
Kikubaaqudgha
Makhleb
Nemelex Xobeh
Okawaru
Qazlal
Ru
Sif Muna
Trog
Uskayaw
Vehumet
Wu Jian
Xom
Yredelemnul
Zin
Beogh
Jiyva

Shops:
D:4 (:(   D:8 =   D:9 ?   D:10 :   Orc:1 [   Orc:2 ?*[*   Elf:1 =   Shoals:1 :
Shoals:2 !   Snake:3 (   Vaults:1 *(   Vaults:2 !   Depths:1 (

Portals:
Hell: Lair:6 Depths:1 Depths:2 Depths:3 Depths:4
Abyss: Depths:3
Pandemonium: Depths:2 Depths:3
Ziggurat: Depths:2
Trove: D:10 (give +6 demon whip)

Annotations:
D:5 3 runed translucent doors, hehateme's ghost, novice GrFi


Innate Abilities, Weirdness & Mutations

You are immune to sickness and miasma.
You are immune to poison.
Your flesh is very heat resistant. (rF++)
You are vulnerable to cold. (rC-)
You float through the air rather than walking.
You learn spells naturally, not from books.
Your magical power is your life essence.
You have superior vitality. (+4 MHP)
[You often lose your temper in combat.]
[You are clumsy. (Dex -2)]
[You sometimes lose the ability to read scrolls when taking damage.]


Message History

* * * LOW HITPOINT WARNING * * *
A starcursed mass comes into view.
A cacophony of accursed wailing tears at your sanity!
* * * LOW HITPOINT WARNING * * *
You suddenly lose the ability to move!
The hell knight hits you with a +5 great mace!!
* * * LOW HITPOINT WARNING * * *
The chaos spawn hits you.
* * * LOW HITPOINT WARNING * * *
You are engulfed in flames.
You resist.
A starcursed mass splits.
The wretched star pulses with an eldritch light!
You feel a little pissed off.
You feel angry.
The spatial maelstrom completely misses you.
The spatial maelstrom hits you!
* * * LOW HITPOINT WARNING * * *
Space warps around you.
* * * LOW HITPOINT WARNING * * *
The spatial maelstrom hits you!
* * * LOW HITPOINT WARNING * * *
The spatial maelstrom hits you!
* * * LOW HITPOINT WARNING * * *
You blink.
An apocalypse crab comes into view.
The hell knight casts a spell at you. The bolt of fire hits you. You resist.
* * * LOW HITPOINT WARNING * * *
The hell knight gestures wildly while chanting.
The hell knight blinks!
The hell knight gestures wildly while chanting.
The hell knight blinks!
The hell knight points at you and mumbles some strange words.
The bolt of fire hits you! You resist.
* * * LOW HITPOINT WARNING * * *
The bolt of fire hits the hell knight.
The hell knight completely resists.
A starcursed mass splits.
A cacophony of accursed wailing tears at your sanity!
* * * LOW HITPOINT WARNING * * *
You suddenly lose the ability to move!
The hell knight hits you with a +0 halberd of flaming!
You die...

#.. .. ##.. . .. ... ..
.. #.. ... ..# #... ....
## # #..# .....
##.###########..##......
. .#......##..*.@p......
...3... .......*.......
...........tp..........
#...........vX..........
#§.....X.X§.XX...t.....≈
# ...2....)X4X.........≈
.............X.X##.....≈
. .#......##....# .....≈
..##.#..#.# #.#....


You could see 8 starcursed masses, a spatial maelstrom (fast), 2 wretched stars,
2 hell knights, 2 apocalypse crabs and a chaos spawn.

Vanquished Creatures
  the Royal Jelly (Slime:5)
  2 dread liches
  3 ancient liches
  Mara (Vaults:2)
  2 juggernauts
  Sojobo (Crypt:2)
  Boris (4 times) (Vaults:2 Depths:3 Crypt:1 Crypt:3)
  Margery (Vaults:2)
  Saint Roka (Crypt:3)
  Bai Suzhen (Depths:2)
  Nikola (Depths:2)
  Xtahua (Vaults:2)
  3 golden dragons (Vaults:5)
  A profane servitor (Abyss:2)
  4 bone dragons
  Jory (Crypt:3)
  5 tentacled monstrosities
  A Hell Sentinel (Abyss:5)
  A walking crystal tome (Depths:2)
  9 liches
  A shard shrike skeleton (Crypt:3)
  A walking frostbound tome (Depths:3)
  30 acid blobs
  2 quicksilver dragons (Vaults:5)
  3 titans (Vaults:5)
  A kraken (Shoals:3)
  A deep elf blademaster (Elf:2)
  A walking divine tome (Depths:3)
  8 tentacled starspawn
  6 sphinxes
  6 ancient champions
  Roxanne (D:15)
  2 shadow dragons
  2 draconian monks (Depths:4)
  3 revenants (Crypt:3)
  4 storm dragons
  18 rockslimes
  6 tengu reavers
  Ilsuiw (Shoals:4)
  Donald (Vaults:2)
  A daeva (Abyss:2)
  7 nagarajas (Snake:4)
  22 azure jellies
  4 fire giants
  7 frost giants
  2 deep elf sorcerers
  23 vault wardens
  3 iron dragons
  A balrug (Abyss:5)
  6 curse skulls
  2 cacodemons
  Aizul (Snake:4)
  An orc warlord (Vaults:3)
  42 very ugly things
  3 war gargoyles
  A ghoul (Crypt:2)
  A draconian annihilator (Abyss:5)
  22 ironbound preservers
  9 stone giants
  8 ironbound thunderhulks
  8 quicksilver oozes
  A reaper (Depths:3)
  A green draconian (Depths:4)
  10 vampire knights
  Nessos (Lair:4)
  2 lorocyprocas
  2 white draconians
  2 entropy weavers
  3 deep elf demonologists
  A deep elf annihilator (Vaults:5)
  2 red draconians (Depths:4)
  2 purple draconians
  The ghost of Bearnado the Basher, a journeyman MiBe of Trog (D:10)
  An entropy weaver (shapeshifter) (Depths:4)
  4 spark wasps (Depths:2)
  A spark wasp (shapeshifter) (Vaults:5)
  7 eidola
  The ghost of tizbic2 the Slinger, a journeyman DsWn of Qazlal (Lair:2)
  3 deep elf death magi
  7 dire elephants (Vaults:1)
  A blizzard demon (Abyss:2)
  6 merfolk javelineers
  A green death (Abyss:3)
  Snorg (D:13)
  2 crystal guardians (Vaults:3)
  A spriggan zombie (Depths:1)
  4 merfolk impalers
  13 ettins
  6 fire dragons
  15 yaktaur captains
  A fire dragon (shapeshifter) (Depths:3)
  A quicksilver dragon skeleton (Vaults:3)
  A deep elf high priest (Vaults:5)
  5 boulder beetles
  4 spriggan air magi
  4 rakshasas
  29 vault guards
  3 peacekeepers
  8 ice dragons
  3 salamander tyrants (Snake:4)
  10 great orbs of eyes
  15 naga warriors
  Fannar (Lair:3)
  10 hydras
  12 ironbound frosthearts
  7 anacondas
  9 ogre magi
  7 merfolk avatars
  13 centaur warriors
  3 death knights
  8 merfolk aquamancers (Shoals:4)
  20 two-headed ogres
  26 dancing weapons
  5 deep troll shamans
  4 tengu warriors
  A satyr (Shoals:3)
  3 vampire magi
  2 alligator snapping turtles
  5 death yaks
  10 naga sharpshooters
  4 shock serpents
  22 thrashing horrors
  6 deep troll earth magi
  An orc high priest (Orc:2)
  A shock serpent (shapeshifter) (Vaults:5)
  3 soul eaters (Crypt:2)
  4 spriggans
  6 spriggan berserkers
  11 hell knights
  The ghost of PerfectTommy the Covert, a journeyman VSBr of Hepliaklqana (D:10)
  13 deep elf knights
  13 wretched stars
  2 iron trolls
  A sixfirhy (Lair:6)
  3 sun demons (Abyss:5)
  3 salamander mystics (Snake:4)
  23 skeletal warriors
  2 shadow wraiths
  A spark wasp zombie (Crypt:1)
  60 deep trolls
  An anaconda zombie (Abyss:2)
  5 flayed ghosts
  4 spatial maelstroms
  10 naga ritualists
  13 sea snakes
  A shadow demon (Abyss:5)
  4 obsidian statues
  An orb spider (Abyss:5)
  6 deep elf archers
  13 wizards
  A tengu zombie (Vaults:2)
  An orange crystal statue (IceCv)
  16 phantasmal warriors
  The ghost of smarlow the Thaumaturge, a novice DjCj of Ashenzari (D:7)
  9 lindwurms
  7 orc knights
  15 ironbound convokers
  6 necromancers
  22 harpies
  7 glowing orange brains
  24 deep elf pyromancers
  23 deep elf zephyrmancers
  6 orc sorcerers
  18 salamanders
  11 mana vipers
  A goliath frog zombie (Crypt:2)
  A shining eye (shapeshifter) (Vaults:5)
  10 fauns
  52 ugly things
  14 manticores
  4 shining eyes
  A tengu skeleton (Vaults:2)
  9 cyclopes
  A manticore (shapeshifter) (Vaults:2)
  A stone giant zombie (Crypt:1)
  5 worldbinders
  15 vault sentinels
  7 stone giant skeletons
  Joseph (Lair:1)
  3 fire giant skeletons
  A frost giant skeleton (Vaults:3)
  17 elephants
  An apocalypse crab (Abyss:3)
  8 guardian serpents
  A black mamba (shapeshifter) (D:13)
  3 eyes of devastation
  10 merfolk sirens
  An eye of devastation (shapeshifter) (Abyss:5)
  Maurice (D:10)
  21 naga magi
  Psyche (D:8)
  5 water nymphs
  11 orange demons
  8 smoke demons
  24 black mambas
  27 cane toads
  A dire elephant skeleton (Crypt:3)
  8 unseen horrors
  28 yaktaurs
  A hellion (Abyss:5)
  7 freezing wraiths
  20 rime drakes
  2 ice devils
  2 efreet
  2 hellwings
  An alligator snapping turtle skeleton (Abyss:2)
  3 tengu conjurers
  A komodo dragon (shapeshifter) (Abyss:2)
  A yaktaur (shapeshifter) (Abyss:5)
  8 komodo dragons
  A redback zombie (Crypt:2)
  3 red devils
  A white draconian skeleton (Crypt:2)
  A merfolk (shapeshifter) (Vaults:5)
  17 polar bears
  A queen bee (shapeshifter) (D:14)
  9 ancient zymes
  10 trolls
  10 wind drakes
  5 hornets
  A tarantella (Vaults:2)
  33 merfolk
  15 raiju
  A tarantella (shapeshifter) (Vaults:5)
  12 blink frogs
  13 snapping turtles
  A satyr zombie (Crypt:1)
  6 dream sheep (Shoals:3)
  106 slime creatures
  A jumping spider zombie (Crypt:2)
  2 human skeletons (Vaults:3)
  6 flying skulls
  7 ynoxinuls
  A shapeshifter (Abyss:5)
  19 large abominations
  A shadow (Abyss:5)
  16 water elementals
  3 air elementals
  4 ettin skeletons (Vaults:3)
  A dire elephant simulacrum (Abyss:5)
  3 vampires
  5 wraiths
  A black mamba skeleton (Crypt:1)
  A basilisk (Lair:2)
  Eustachio (D:4)
  A basilisk (shapeshifter) (D:13)
  6 chaos spawn
  4 fire bats (Abyss:2)
  43 yaks
  An alligator skeleton (Crypt:3)
  6 wyverns
  A fire elemental (Elf:2)
  A golden eye (shapeshifter) (D:14)
  A human (shapeshifter) (D:13)
  2 steam dragons
  A steam dragon (shapeshifter) (Vaults:5)
  6 neqoxecs
  13 golden eyes
  A two-headed ogre zombie (Crypt:2)
  2 redbacks (Vaults:2)
  9 vampire mosquitoes
  A yaktaur simulacrum (Vaults:2)
  5 wargs
  67 nagas
  7 spatial vortices (Abyss:5)
  3 hell hounds (Lair:6)
  26 water moccasins
  A demonspawn skeleton (Crypt:3)
  An acid dragon (shapeshifter) (Vaults:5)
  26 orc warriors
  2 two-headed ogre skeletons (Crypt:3)
  A floating eye (Depths:2)
  An ice beast (shapeshifter) (Vaults:5)
  An ice beast (D:7)
  A sky beast (D:6)
  A lindwurm zombie (Crypt:2)
  4 black bears
  2 blink frog zombies (Crypt:1)
  An ettin simulacrum (Vaults:2)
  18 wolves
  A snapping turtle skeleton (Crypt:1)
  36 ogres
  6 centaurs
  4 phantoms
  An octopode zombie (Crypt:3)
  11 kobold brigands
  Blork the orc (D:5)
  13 bullfrogs
  2 earth elementals
  2 scorpions (D:11)
  A water moccasin skeleton (D:5)
  3 killer bees (D:5)
  A troll zombie (Crypt:3)
  7 electric eels
  19 small abominations
  A bullfrog zombie (D:5)
  2 lava snakes (Lair:2)
  2 quasits (Abyss:2)
  3 centaur zombies
  43 starcursed masses
  2 hounds
  Crazy Yiuf (D:3)
  A gnoll shaman (D:6)
  14 orc priests
  A human zombie (Crypt:1)
  9 jellies
  3 centaur skeletons
  2 iron imps (Abyss:2)
  7 iguanas
  14 orc wizards
  A hell rat (Lair:6)
  An acid dragon zombie (Crypt:1)
  2 howler monkey zombies
  16 gnolls
  4 adders
  2 shadow imps (D:6)
  A white imp (D:5)
  3 ufetubi
  2 adder skeletons
  3 worms
  3 dart slugs
  69 orcs
  A bat zombie (Crypt:2)
  5 endoplasms
  A giant cockroach (D:2)
  9 goblins
  6 hobgoblins
  10 jackals
  2 quokkas
  6 ball pythons
  6 bats
  10 frilled lizards
  A frilled lizard zombie (Crypt:1)
  9 kobolds
  3 rats (D:1)
  3 butterflies (Lair:2)
  A fulminant prism (D:15)
  6 starspawn tentacles
2387 creatures vanquished.

Vanquished Creatures (collateral kills)
  A very ugly thing (Abyss:2)
  A starcursed mass (Abyss:5)
2 creatures vanquished.

Vanquished Creatures (others)
  A very ugly thing (Depths:1)
  A starcursed mass (Abyss:5)
  A thrashing horror (Abyss:5)
  A deep elf zephyrmancer (Elf:1)
  2 ugly things (Depths:1)
  A raiju (Abyss:5)
  A chaos spawn (Abyss:5)
  49 fire vortices
  361 fulminant prisms
  60 fungi
  118 plants
  12 starspawn tentacles
  4 tentacles (Shoals:3)
  6 withered plants (D:10)
618 creatures vanquished.

Grand Total: 3007 creatures vanquished

Notes
Turn   | Place    | Note
-------+----------+-------------------------------------------
     0 | D:1      | smarlow the Djinni Conjurer began the quest for the Orb.
     0 | D:1      | Reached XP level 1. HP: 15/15 MP: 0/0
   299 | D:1      | Reached XP level 2. HP: 12/21 MP: 0/0
   540 | D:1      | Reached XP level 3. HP: 20/25 MP: 0/0
   540 | D:1      | Learned a level 1 spell: Beastly Appendage
  1238 | D:1      | Reached XP level 4. HP: 30/31 MP: 0/0
  2821 | D:3      | Reached XP level 5. HP: 31/35 MP: 0/0
  2821 | D:3      | Learned a level 2 spell: Corpse Rot
  3090 | D:3      | Noticed a phantom
  3097 | D:3      | Killed a phantom
  3098 | D:3      | Reached skill level 5 in Spellcasting
  3510 | D:3      | Found a runed translucent door.
  3511 | D:3      | Noticed Crazy Yiuf
  4006 | D:3      | Killed Crazy Yiuf
  4007 | D:3      | Reached XP level 6. HP: 26/40 MP: 0/0
  4255 | D:4      | Found Zunaulu's Weapon Emporium.
  4284 | D:4      | Noticed a black bear
  4290 | D:4      | Noticed Eustachio
  4290 | D:4      | Killed a black bear
  4291 | D:4      | Reached XP level 7. HP: 17/45 MP: 0/0
  4291 | D:4      | Learned a level 3 spell: Stone Arrow
  4705 | D:4      | Found Heno's Book Boutique.
  4933 | D:4      | Found Soda's Weapon Emporium.
  4941 | D:4      | Killed Eustachio
  4942 | D:4      | Reached skill level 1 in Fighting
  4942 | D:4      | Reached skill level 1 in Armour
  4942 | D:4      | Reached skill level 1 in Shields
  5289 | D:4      | Found a broken altar of Ashenzari.
  5379 | D:5      | Entered Level 5 of the Dungeon
  5447 | D:5      | Noticed Blork the orc
  5488 | D:5      | Killed Blork the orc
  5559 | D:5      | Found a staircase to the Ecumenical Temple.
  5714 | D:5      | Reached XP level 8. HP: 51/54 MP: 0/0
  5717 | D:5      | Reached skill level 2 in Fighting
  6096 | D:5      | Reached skill level 3 in Fighting
  6561 | Temple   | Entered the Ecumenical Temple
  6936 | Temple   | Became a worshipper of Makhleb the Destroyer
  7013 | D:5      | Found a runed translucent gate.
  7013 | D:5      | Found a runed translucent gate.
  7014 | D:5      | Found a runed translucent gate.
  7016 | D:5      | Noticed hehateme's ghost (novice GrFi)
  7274 | D:6      | Reached XP level 9. HP: 35/62 MP: 0/0
  7274 | D:6      | Learned a level 4 spell: Flame Wave
  7296 | D:6      | Reached skill level 4 in Fighting
  7651 | D:4      | Gained mutation: Your flesh is almost immune to the effects
                  | of heat. (rF+++) [potion of mutation]
  7651 | D:4      | Gained mutation: You have a pair of small horns on your
                  | head. [potion of mutation]
  7707 | D:6      | Reached skill level 5 in Fighting
  7707 | D:6      | Reached skill level 5 in Shields
  8684 | D:7      | Reached * piety under Makhleb
  8714 | D:7      | Identified the +6 flail of the Six Lovers {freeze, Contam
                  | rElec rPois rF+++}
  8746 | D:7      | Identified the amulet "Fehirats" {Rampage rPois Will++
                  | Regen+}
  8803 | D:7      | Reached skill level 6 in Fighting
  8803 | D:7      | Reached XP level 10. HP: 68/72 MP: 0/0
  9002 | D:7      | Found a runed translucent gate.
  9002 | D:7      | Found a runed translucent gate.
  9002 | D:7      | Found a runed translucent gate.
  9003 | D:7      | Noticed smarlow's ghost (novice DjCj)
  9011 | D:7      | Noticed a two-headed ogre
  9018 | D:7      | Killed a two-headed ogre
  9188 | D:7      | Reached skill level 7 in Fighting
  9300 | D:8      | Found Gayd's Jewellery Shop.
  9300 | D:8      | You are sucked into a shaft and drop 3 floors!
  9447 | D:10     | Entered Level 10 of the Dungeon
  9692 | D:8      | Noticed Psyche
  9698 | D:8      | Killed Psyche
  9698 | D:8      | Reached ** piety under Makhleb
  9771 | D:8      | Found a flagged portal.
  9789 | Bailey   | Entered a bailey
  9923 | Bailey   | Noticed an orc knight
  9929 | Bailey   | Killed an orc knight
  9930 | Bailey   | Reached skill level 8 in Fighting
  9930 | Bailey   | Reached XP level 11. HP: 44/81 MP: 0/0
  9930 | Bailey   | Learned a level 5 spell: Iskenderun's Battlesphere
 10476 | D:9      | Noticed a two-headed ogre
 10480 | D:9      | Killed a two-headed ogre
 10647 | D:9      | Found a staircase to the Orcish Mines.
 10729 | D:9      | Found Aqoocw Helu's Magic Scroll Emporium.
 11407 | D:10     | Found a portal to a secret trove of treasure.
 11454 | D:10     | Found a runed translucent gate.
 11454 | D:10     | Found a runed translucent gate.
 11455 | D:10     | Found a runed translucent gate.
 11456 | D:10     | Noticed Maurice
 11466 | D:10     | Killed Maurice
 11478 | D:10     | Noticed Bearnado's ghost (journeyman MiBe)
 11482 | D:10     | Noticed PerfectTommy's ghost (journeyman VSBr)
 11568 | D:10     | Reached skill level 9 in Fighting
 11735 | D:10     | Found Kyuregorgh's Self-Improvement Boutique.
 11741 | D:10     | Reached *** piety under Makhleb
 12016 | D:11     | Found a staircase to the Lair.
 12020 | D:11     | Reached skill level 1 in Invocations
 12054 | D:11     | Noticed a five-headed hydra
 12060 | D:11     | Killed a five-headed hydra
 12298 | D:11     | Identified 2 scrolls of acquirement
 12300 | D:11     | Acquired 758 gold pieces
 12301 | D:11     | Acquired the ring "Icsuyddo" {Contam rC+ Will+ Dex+6}
 12562 | D:9      | Bought a scroll of identify for 22 gold pieces
 12562 | D:9      | Bought a scroll of fear for 38 gold pieces
 12562 | D:9      | Bought a scroll of identify for 22 gold pieces
 12562 | D:9      | Bought a scroll of identify for 22 gold pieces
 12562 | D:9      | Bought a scroll of teleportation for 33 gold pieces
 12562 | D:9      | Bought a scroll of teleportation for 33 gold pieces
 12701 | D:7      | Reached XP level 12. HP: 90/90 MP: 0/0
 12701 | D:7      | Killed smarlow's ghost
 13086 | D:12     | Noticed a two-headed ogre
 13092 | D:12     | Killed a two-headed ogre
 13093 | D:12     | Reached skill level 10 in Spellcasting
 13359 | D:12     | Noticed a boulder beetle
 13374 | D:12     | Killed a boulder beetle
 13375 | D:12     | Reached skill level 10 in Fighting
 13482 | D:12     | Noticed a boulder beetle
 13487 | D:12     | Killed a boulder beetle
 13488 | D:12     | Reached skill level 5 in Armour
 13563 | Lair:1   | Entered Level 1 of the Lair of Beasts
 13619 | Lair:1   | Noticed Joseph
 13637 | Lair:1   | Killed Joseph
 13743 | Lair:1   | Reached **** piety under Makhleb
 13842 | Lair:1   | Reached XP level 13. HP: 94/97 MP: 0/0
 13842 | Lair:1   | Learned a level 5 spell: Manifold Assault
 14469 | Lair:2   | Noticed a seven-headed hydra
 14472 | Lair:2   | Reached skill level 5 in Dodging
 14476 | Lair:2   | Killed a seven-headed hydra
 14505 | Lair:2   | Found a staircase to the Snake Pit.
 14535 | Lair:2   | Found a runed translucent gate.
 14535 | Lair:2   | Found a runed translucent gate.
 14535 | Lair:2   | Found a runed translucent gate.
 14550 | Lair:2   | Noticed an eight-headed hydra
 14557 | Lair:2   | Killed an eight-headed hydra
 14575 | Lair:2   | Noticed tizbic2's ghost (journeyman DsWn)
 14575 | Lair:2   | Noticed a 12-headed hydra
 14678 | Lair:2   | Reached skill level 11 in Fighting
 14720 | Lair:2   | Found a staircase to the Shoals.
 15044 | Lair:2   | Reached ***** piety under Makhleb
 15311 | Lair:3   | Noticed Fannar
 15359 | Lair:3   | Killed Fannar
 15424 | Lair:3   | Lost mutation: You have a pair of small horns on your head.
                  | [potion of mutation]
 15424 | Lair:3   | Lost mutation: Your flesh is almost immune to the effects
                  | of heat. (rF+++) [potion of mutation]
 15424 | Lair:3   | Gained mutation: You are weak. (Str -2) [potion of
                  | mutation]
 15425 | Lair:3   | Lost mutation: You are weak. (Str -2) [potion of mutation]
 15425 | Lair:3   | Gained mutation: You have hidden genetic defects. [potion
                  | of mutation]
 15425 | Lair:3   | Gained mutation: You have a pair of small horns on your
                  | head. [potion of mutation]
 15425 | Lair:3   | Gained mutation: You passively dampen the noise of your
                  | surroundings. [potion of mutation]
 15671 | Lair:3   | Reached skill level 5 in Invocations
 16014 | D:10     | Bought a manual of Stealth for 1120 gold pieces
 16136 | Lair:4   | Noticed Nessos
 16143 | Lair:4   | Killed Nessos
 16150 | Lair:4   | Gained mutation: [You are clumsy. (Dex -2)] [hidden
                  | defects]
 16161 | Lair:4   | Reached skill level 5 in Stealth
 16231 | Lair:4   | Reached XP level 14. HP: 82/105 MP: 0/0
 16860 | Lair:5   | Gained mutation: You are frail. (-10% HP) [hidden defects]
 16860 | Lair:5   | Lost mutation: You have hidden genetic defects. [hidden
                  | defects expressed]
 16909 | Lair:5   | Lost mutation: [You are clumsy. (Dex -2)] [potion of
                  | mutation]
 16909 | Lair:5   | Lost mutation: You passively dampen the noise of your
                  | surroundings. [potion of mutation]
 16909 | Lair:5   | Lost mutation: You are frail. (-10% HP) [potion of
                  | mutation]
 16909 | Lair:5   | Gained mutation: You are strong-willed. (Will+) [potion of
                  | mutation]
 16909 | Lair:5   | Gained mutation: [You sometimes lose the ability to read
                  | scrolls when taking damage.] [potion of mutation]
 16909 | Lair:5   | Gained mutation: You possess an exceptional clarity of
                  | mind. [potion of mutation]
 16909 | Lair:5   | Gained mutation: You passively map a small area around you.
                  | [potion of mutation]
 16910 | Lair:5   | Lost mutation: [You sometimes lose the ability to read
                  | scrolls when taking damage.] [potion of mutation]
 16910 | Lair:5   | Lost mutation: You possess an exceptional clarity of mind.
                  | [potion of mutation]
 16910 | Lair:5   | Gained mutation: You are weak. (Str -2) [potion of
                  | mutation]
 16910 | Lair:5   | Gained mutation: You have hidden genetic potential. [potion
                  | of mutation]
 16990 | Lair:5   | Reached skill level 12 in Fighting
 17452 | Lair:6   | Entered Level 6 of the Lair of Beasts
 17840 | Lair:6   | Found a viscous altar of Jiyva.
 17840 | Lair:6   | Found a staircase to the Slime Pits.
 17953 | Lair:6   | Reached XP level 15. HP: 103/113 MP: 0/0
 17953 | Lair:6   | Learned a level 6 spell: Summon Cactus Giant
 17977 | Lair:6   | Reached ****** piety under Makhleb
 18169 | Lair:6   | Gained mutation: You are highly strong-willed. (Will++)
                  | [hidden potential]
 18396 | Lair:6   | Found a burning altar of Makhleb.
 18405 | Lair:6   | Reached skill level 13 in Fighting
 18444 | Lair:6   | Found a gateway to Hell.
 18906 | Lair:2   | Killed tizbic2's ghost
 18965 | Lair:2   | Identified the +9 long sword of the Silent Majority {holy,
                  | *Rage Fly rF+}
 19118 | Orc:1    | Entered Level 1 of the Orcish Mines
 19118 | Orc:1    | Found Guohi's Armour Shop.
 19539 | Orc:2    | Entered Level 2 of the Orcish Mines
 19539 | Orc:2    | Found a staircase to the Elven Halls.
 19561 | Orc:2    | Found Dytonen's CLEARANCE SALE!.
 19692 | Orc:2    | Reached XP level 16. HP: 91/120 MP: 0/0
 20024 | Orc:2    | Found Fitser's General Store.
 20024 | Orc:2    | Found Kegockus's Magic Scroll Emporium.
 20025 | Orc:2    | Found Luarast's Armour Shoppe.
 20025 | Orc:2    | Found Lynwix's Assorted Antiques.
 20032 | Orc:2    | Bought a scroll of teleportation for 33 gold pieces
 20032 | Orc:2    | Bought a scroll of teleportation for 33 gold pieces
 20035 | Orc:2    | Bought the -2 hat of the Alchemist {rElec rPois rF+ rC+ rN+
                  | Will+ rMut rCorr} for 991 gold pieces
 20035 | Orc:2    | Found the -2 hat of the Alchemist {rElec rPois rF+ rC+ rN+
                  | Will+ rMut rCorr}
 20040 | Orc:2    | Lost mutation: You passively map a small area around you.
                  | [potion of mutation]
 20040 | Orc:2    | Lost mutation: You are highly strong-willed. (Will++)
                  | [potion of mutation]
 20041 | Orc:2    | Lost mutation: You have hidden genetic potential. [potion
                  | of mutation]
 20041 | Orc:2    | Lost mutation: You are weak. (Str -2) [potion of mutation]
 20041 | Orc:2    | Lost mutation: You have a pair of small horns on your head.
                  | [potion of mutation]
 20041 | Orc:2    | Gained mutation: You have hidden genetic potential. [potion
                  | of mutation]
 20049 | Orc:2    | Bought the +5 chain mail "Comoed" {Dex+3 SInv} for 517 gold
                  | pieces
 20098 | Orc:2    | Bought a scroll of teleportation for 15 gold pieces
 20098 | Orc:2    | Bought a potion of cancellation for 40 gold pieces
 20385 | Snake:1  | Entered Level 1 of the Snake Pit
 20396 | Snake:1  | Reached skill level 14 in Fighting
 20958 | Snake:1  | Found a stormy altar of Qazlal.
 22094 | Snake:2  | Reached skill level 10 in Stealth
 22324 | Snake:2  | Identified the +7 fustibalus of Vanity {vorpal, *Corrode
                  | rElec rPois}
 22448 | Snake:3  | Found Imoro's Weapon Emporium.
 22728 | Snake:3  | Reached XP level 17. HP: 130/130 MP: 0/0
 22728 | Snake:3  | Learned a level 6 spell: Starburst
 22907 | Snake:3  | Reached skill level 10 in Armour
 23168 | Snake:3  | Gained mutation: You have a pair of small antennae on your
                  | head. [hidden potential]
 23344 | Snake:4  | Entered Level 4 of the Snake Pit
 23707 | Snake:4  | Noticed Aizul
 23715 | Snake:4  | Killed Aizul
 23724 | Snake:4  | Reached skill level 15 in Fighting
 23864 | Snake:4  | Reached skill level 10 in Dodging
 24166 | Snake:4  | Reached XP level 18. HP: 129/138 MP: 0/0
 24271 | Snake:4  | Got a serpentine rune of Zot
 24474 | Snake:4  | Identified the +7 battleaxe of Licoufat {holy, rF+ Dex+2}
 24504 | Snake:4  | Gained mutation: You are partially covered in iridescent
                  | scales. (AC +2) [hidden potential]
 24504 | Snake:4  | Lost mutation: You have hidden genetic potential. [hidden
                  | potential expressed]
 24660 | Shoals:1 | Entered Level 1 of the Shoals
 24771 | D:10     | Killed PerfectTommy's ghost
 24776 | D:10     | Killed Bearnado's ghost
 24788 | D:10     | Identified the +6 storm dragon scales of the Alphagorgon
                  | {Harm rElec Int-4 Dex+3}
 25123 | Slime:1  | Entered Level 1 of the Pits of Slime
 25127 | Slime:1  | Noticed an acid blob
 25140 | Slime:1  | Killed an acid blob
 25457 | Slime:2  | Noticed an acid blob
 25466 | Slime:2  | Killed an acid blob
 25469 | Slime:2  | Noticed an acid blob
 25478 | Slime:2  | Killed an acid blob
 25587 | Slime:2  | Noticed an acid blob
 25594 | Slime:2  | Killed an acid blob
 25848 | Slime:1  | Noticed an acid blob
 25856 | Slime:1  | Killed an acid blob
 25858 | Slime:1  | Gained mutation: Armour fits poorly on your strangely
                  | shaped body. [a shining eye]
 26204 | Slime:3  | Reached skill level 16 in Fighting
 26706 | Slime:4  | Noticed an acid blob
 26724 | Slime:4  | Killed an acid blob
 26855 | Slime:4  | Noticed an acid blob
 26861 | Slime:4  | Killed an acid blob
 26871 | Slime:4  | Noticed an acid blob
 26923 | Slime:4  | Killed an acid blob
 27104 | Slime:5  | Entered Level 5 of the Pits of Slime
 27121 | Slime:5  | Noticed an acid blob
 27127 | Slime:5  | Noticed the Royal Jelly
 27129 | Slime:5  | Reached skill level 10 in Invocations
 27129 | Slime:5  | Noticed an acid blob
 27135 | Slime:5  | Killed an acid blob
 27136 | Slime:5  | Noticed an acid blob
 27189 | Slime:5  | Killed an acid blob
 27190 | Slime:5  | Reached XP level 19. HP: 125/145 MP: 0/0
 27190 | Slime:5  | Learned a level 7 spell: Orb of Destruction
 27710 | Elf:1    | Entered Level 1 of the Elven Halls
 27879 | Elf:1    | Found Facokim's Jewellery Boutique.
 27924 | Elf:1    | Found a frozen archway.
 27934 | IceCv    | Entered an ice cave
 29377 | Elf:2    | Reached skill level 17 in Fighting
 29509 | Elf:2    | Reached XP level 20. HP: 110/155 MP: 0/0
 29708 | Elf:2    | Found a runed translucent gate.
 29708 | Elf:2    | Found a runed translucent gate.
 29708 | Elf:2    | Found a runed translucent gate.
 30279 | Elf:2    | Reached skill level 15 in Spellcasting
 30823 | Elf:1    | Identified the +3 hand axe of Qabrasm {freeze, rElec rF-
                  | rN++ SInv}
 31361 | D:13     | Noticed Snorg
 31366 | D:13     | Killed Snorg
 31488 | D:13     | Found a gate to the Vaults.
 32042 | D:14     | Found an ornate altar of the Wu Jian Council.
 32452 | D:15     | Entered Level 15 of the Dungeon
 32723 | D:15     | Identified Roxanne's Disquisition on the Mountains
 32723 | D:15     | Noticed Roxanne
 32730 | D:15     | Killed Roxanne
 32877 | D:15     | Found a staircase to the Depths.
 33008 | D:15     | Found a sparkling altar of Nemelex Xobeh.
 33114 | Depths:1 | Entered Level 1 of the Depths
 33198 | Depths:1 | Found a runed translucent door.
 33307 | Depths:1 | Found the ring of the Mage {Wiz Archmagi}
 33307 | Depths:1 | Noticed an ancient lich
 33310 | Depths:1 | Killed an ancient lich
 33497 | Depths:1 | Found Fuff's Weapon Boutique.
 33533 | Depths:1 | Reached XP level 21. HP: 161/161 MP: 0/0
 33533 | Depths:1 | Learned a level 7 spell: Enfeeble
 33535 | Depths:1 | Found a stormy altar of Qazlal.
 34348 | Depths:2 | Noticed Nikola
 34348 | Depths:2 | Noticed Bai Suzhen
 34363 | Depths:2 | Killed Nikola
 34364 | Depths:2 | Killed Bai Suzhen
 34510 | Depths:2 | Reached skill level 18 in Fighting
 34558 | Depths:2 | Found a one-way gateway to a ziggurat.
 34910 | Depths:2 | Noticed a juggernaut
 34914 | Depths:2 | Killed a juggernaut
 35048 | Depths:2 | Found a white marble altar of Elyvilon.
 35247 | Depths:2 | Found a one-way gate leading to the halls of Pandemonium.
 35654 | Shoals:1 | Found Pawn's Book Shop.
 35689 | Shoals:1 | Reached skill level 10 in Shields
 36648 | Shoals:2 | Found Plog's Distillery.
 37116 | Shoals:3 | Reached XP level 22. HP: 166/170 MP: 0/0
 37620 | Shoals:3 | Found an ornate altar of the Wu Jian Council.
 38038 | Shoals:4 | Entered Level 4 of the Shoals
 38277 | Shoals:4 | Noticed Ilsuiw
 38287 | Shoals:4 | Killed Ilsuiw
 38514 | Shoals:4 | Got a barnacled rune of Zot
 38618 | Shoals:4 | Reached skill level 19 in Fighting
 38886 | Shoals:4 | Identified the amulet "Viqifi" {Faith rCorr Int+6 Dex-2}
 39497 | Slime:5  | Gained mutation: You have hidden genetic defects. [a
                  | shining eye]
 39795 | Slime:5  | Found a viscous altar of Jiyva.
 40144 | Slime:5  | Gained mutation: [You tend to lose your temper in combat.]
                  | [a shining eye]
 40477 | Slime:5  | Killed the Royal Jelly
 40502 | Slime:4  | Gained mutation: Your spells are a little easier to cast,
                  | but a little less powerful. [hidden defects]
 40507 | Slime:3  | Lost mutation: You are strong-willed. (Will+) [potion of
                  | mutation]
 40507 | Slime:3  | Lost mutation: [You tend to lose your temper in combat.]
                  | [potion of mutation]
 40507 | Slime:3  | Lost mutation: You have a pair of small antennae on your
                  | head. [potion of mutation]
 40507 | Slime:3  | Gained mutation: You are weak. (Str -2) [potion of
                  | mutation]
 40508 | Slime:3  | Lost mutation: Armour fits poorly on your strangely shaped
                  | body. [potion of mutation]
 40508 | Slime:3  | Lost mutation: You have hidden genetic defects. [potion of
                  | mutation]
 40674 | Slime:5  | Got a slimy rune of Zot
 40769 | Slime:5  | Identified the +9 battleaxe of Ytamm {chaos, Contam rN+
                  | Str+9}
 40798 | Slime:5  | Identified the +4 troll leather armour of the Eight Boll
                  | Weevils {Contam rC+ rN+ Regen+ Str+4 Dex+3}
 40811 | Slime:5  | Identified the ring "Olede" {rN+ rCorr Int-5 SInv}
 40819 | Slime:5  | Identified the amulet "Sefidaha" {Acrobat Rampage rElec
                  | Str+2}
 41133 | Vaults:1 | Entered Level 1 of the Vaults
 41385 | Vaults:1 | Reached XP level 23. HP: 165/178 MP: 0/0
 41385 | Vaults:1 | Learned a level 7 spell: Monstrous Menagerie
 41641 | Vaults:1 | Found a magical portal.
 41726 | Vaults:1 | Found Woleh's Antique Weapon Shop.
 41882 | Vaults:1 | Found Rapratry's General Store.
 41888 | Vaults:1 | Bought a scroll of teleportation for 48 gold pieces
 42473 | Vaults:2 | Noticed Xtahua
 42488 | Vaults:2 | Killed Xtahua
 42489 | Vaults:2 | Noticed Margery
 42497 | Vaults:2 | Killed Margery
 42852 | Vaults:2 | Found Dys Xisch's Distillery.
 42859 | Vaults:2 | Bought 2 potions of haste for 260 gold pieces
 42859 | Vaults:2 | Bought a potion of heal wounds for 65 gold pieces
 43002 | Vaults:2 | Noticed Boris
 43186 | Vaults:2 | Noticed Donald
 43193 | Vaults:2 | Killed Donald
 43245 | Vaults:2 | Noticed Mara
 43253 | Vaults:2 | Killed Mara
 43474 | Vaults:2 | Killed Boris
 44025 | Vaults:3 | Reached skill level 20 in Fighting
 44092 | Vaults:3 | You are sucked into a shaft and drop 1 floor!
 44096 | Vaults:4 | Reached XP level 24. HP: 187/187 MP: 0/0
 44272 | Vaults:3 | Reached skill level 15 in Stealth
 44330 | Vaults:3 | Found a staircase to the Crypt.
 44863 | Vaults:3 | Reached skill level 15 in Dodging
 46435 | Vaults:4 | Reached XP level 25. HP: 183/195 MP: 0/0
 46435 | Vaults:4 | Learned a level 8 spell: Lehudib's Crystal Spear
 46437 | Vaults:4 | Reached skill level 21 in Fighting
 46437 | Vaults:4 | Reached XP level 26. HP: 193/203 MP: 0/0
 47148 | Vaults:5 | Entered Level 5 of the Vaults
 47432 | Vaults:4 | Acquired a +1 pair of gloves of stealth
 47974 | Depths:3 | Gained mutation: Your body sometimes deteriorates upon
                  | taking damage. [mutagenic glow]
 48146 | Depths:3 | Found a one-way gate to the infinite horrors of the Abyss.
 48342 | Depths:3 | Noticed Boris
 48353 | Depths:3 | Killed Boris
 49055 | Depths:4 | Entered Level 4 of the Depths
 49222 | Depths:4 | Identified the +12 hand axe of Aweomysch {flame, rPois
                  | Will+ Str+2 Stlth-}
 49299 | Depths:4 | Noticed a juggernaut
 49313 | Depths:4 | Killed a juggernaut
 49366 | Depths:4 | Reached XP level 27. HP: 178/211 MP: 0/0
 49366 | Depths:4 | Learned a level 9 spell: Fire Storm
 49412 | Depths:4 | Found a gate to the Realm of Zot.
 49889 | Depths:4 | Lost mutation: You are weak. (Str -2) [potion of mutation]
 49889 | Depths:4 | Lost mutation: Your spells are a little easier to cast, but
                  | a little less powerful. [potion of mutation]
 49889 | Depths:4 | Gained mutation: [You are clumsy. (Dex -2)] [potion of
                  | mutation]
 49889 | Depths:4 | Gained mutation: Your muscles are strong. (Str +2) [potion
                  | of mutation]
 49890 | Depths:4 | Lost mutation: You are partially covered in iridescent
                  | scales. (AC +2) [potion of mutation]
 49890 | Depths:4 | Lost mutation: Your muscles are strong. (Str +2) [potion of
                  | mutation]
 49890 | Depths:4 | Gained mutation: [You are very clumsy. (Dex -4)] [potion of
                  | mutation]
 49890 | Depths:4 | Gained mutation: You are partially covered in iridescent
                  | scales. (AC +2) [potion of mutation]
 49891 | Depths:4 | Lost mutation: [You are very clumsy. (Dex -4)] [potion of
                  | mutation]
 49891 | Depths:4 | Lost mutation: Your body sometimes deteriorates upon taking
                  | damage. [potion of mutation]
 49891 | Depths:4 | Lost mutation: You are partially covered in iridescent
                  | scales. (AC +2) [potion of mutation]
 50256 | Crypt:1  | Entered Level 1 of the Crypt
 50588 | Crypt:1  | Noticed Boris
 50592 | Crypt:1  | Killed Boris
 50961 | Crypt:1  | Identified the +1 scale mail "Durriad" {*Corrode rN+ Dex+4}
 51166 | Crypt:2  | Noticed Sojobo
 51192 | Crypt:2  | Killed Sojobo
 52156 | Crypt:3  | Entered Level 3 of the Crypt
 52156 | Crypt:3  | Noticed Boris
 52159 | Crypt:3  | Killed Boris
 52724 | Crypt:3  | Identified the ring "Zyl Piso" {rF++ rC+ rN+}
 52724 | Crypt:3  | Identified the ring "Yfias" {rPois rN+ rCorr Str-2 Stlth+}
 52728 | Crypt:3  | Noticed Jory
 52732 | Crypt:3  | Killed Jory
 52783 | Crypt:3  | Noticed Saint Roka
 52788 | Crypt:3  | Killed Saint Roka
 53432 | Crypt:3  | Found a staircase to the Tomb.
 53600 | Crypt:3  | Noticed an ancient lich
 53713 | Crypt:3  | Killed an ancient lich
 54146 | Vaults:5 | Got a silver rune of Zot
 54305 | Vaults:5 | Identified the +0 leather armour of Instinct {rPois rN+}
 54625 | Vaults:5 | Identified the +0 robe "Helonliq" {rC+ Str+4 Int+2 SInv}
 55030 | Vaults:5 | Noticed an ancient lich
 55035 | Vaults:5 | Killed an ancient lich
 56117 | Vaults:5 | Reached skill level 22 in Fighting
 56371 | Vaults:5 | Identified the ring of Zacats {rPois rF+ rN+ Dex+4}
 56375 | Vaults:5 | Identified the +4 great sword of Osedu {drain, rElec rF+}
 56490 | Vaults:5 | Found the +15 Maxwell's patent armour {-Cast -Tele rElec
                  | Will+ rCorr}
 56499 | Vaults:5 | Identified the +10 mace "Orasch" {vamp, +Blink rF+ rN+
                  | Will++}
 56849 | Depths:3 | Voluntarily entered the Abyss.
 56853 | Abyss:1  | Found a corrupted altar of Lugonu.
 57283 | Abyss:3  | Noticed a dread lich
 57294 | Abyss:3  | Killed a dread lich
 57342 | Abyss:4  | Found a corrupted altar of Lugonu.
 57372 | Abyss:4  | Found a corrupted altar of Lugonu.
 57410 | Abyss:5  | Entered Level 5 of the Abyss
 57410 | Abyss:5  | Found a corrupted altar of Lugonu.
 57917 | Abyss:5  | Paralysed by accursed screaming for 1 turns
 58018 | Depths:3 | Escaped the Abyss
 58804 | Depths:3 | Voluntarily entered the Abyss.
 59102 | Abyss:2  | Noticed a dread lich
 59104 | Abyss:2  | Killed a dread lich
 59534 | Abyss:4  | Found a corrupted altar of Lugonu.
 59550 | Abyss:4  | Found a corrupted altar of Lugonu.
 59591 | Abyss:5  | Entered Level 5 of the Abyss
 59658 | Abyss:5  | Lost mutation: [You are very clumsy. (Dex -4)] [potion of
                  | mutation]
 59847 | Abyss:5  | Paralysed by accursed screaming for 1 turns
 59850 | Abyss:5  | Paralysed by accursed screaming for 1 turns
 59853 | Abyss:5  | Paralysed by accursed screaming for 2 turns
 59855 | Abyss:5  | HP: 2/211 [starcursed mass/accursed screaming (9)]
 59855 | Abyss:5  | Paralysed by accursed screaming for 2 turns
 59856 | Abyss:5  | Slain by a hell knight

Illustrated notes

Levels and vault maps discovered:
D:1:      dpeg_arrival_yet_another_circle, layout_loops_ring, minivault_11,
          minmay_misc_feat_doors, corner_web_ring, minmay_lizard_pond
D:2:      layout_loops_ring
D:3:      layout_basic, minmay_fountain_box,
          hangedman_abyss_or_decor_lesser_grid, minmay_misc_feat_alley,
          minmay_misc_feat_iff, uniq_crazy_yiuf_cottage
D:4:      layout_cave_pools, kennysheep_mini, serial_shops,
          nicolae_diamond_shop, nicolae_shop_bloodbath_and_beyond,
          nicolae_shop_advertising_works [nicolae_subvault_shop_adworks],
          uniq_eustachio
D:5:      layout_layer_cave, minmay_temple_entry_antechambers,
          gammafunk_ghost_necromancy, uniq_blork_the_orc
D:6:      layout_gridville
D:7:      layout_rooms, gammafunk_ghost_nasty_kobolds, lightli_minifort
D:8:      layout_rooms, serial_shops, shop, enter_bailey_3, uniq_psyche
D:9:      layout_basic, orc_0_dummy, serial_shops, nicolae_take_the_stairs
D:10:     layout_stronghold, nicolae_trove_entry_free_sample,
          gammafunk_ghost_cemetery, minivault_14, nicolae_shop_self_help,
          uniq_maurice
D:11:     layout_long_grid, due_lair_maze_entry_diamond, minmay_crystal_room
D:12:     layout_irregular_city
D:13:     layout_roguey, david_vaults_5, uniq_snorg
D:14:     layout_long_grid, nzn_wu_jian_contemplation
D:15:     grunt_enter_depths_hoard, layout_basic, nemelex_diamond_rough_becter,
          uniq_roxanne
Temple:   mainiacjoe_temple_trianglar_array
Lair:1:   layout_cave_pods, uniq_joseph
Lair:2:   layout_roguey, minmay_shoals_entry_centaurs,
          minmay_snake_entry_six_corridors, gammafunk_ghost_hydra_chop,
          nicolae_lair_liquid_snakes, lemuel_fruit_fields
Lair:3:   layout_layer_cave, patterned_corridor, uniq_fannar
Lair:4:   layout_roguey, infiniplex_staircase_pool_2, grunt_megastairs_5,
          uniq_nessos
Lair:5:   layout_misc_corridors, beast_lair_carwin_1
Lair:6:   evil_forest, layout_regular_city, dpeg_slime_entry_enclosed_altar
Shoals:1: layout_shoals, serial_shops, shop
Shoals:2: layout_shoals, serial_shops, shop
Shoals:3: layout_shoals, wheals_shoals_ruined_temple
Shoals:4: shoals_end_simple, layout_shoals, shoals_ilsuiw_ice,
          dpeg_stationary_puzzle
Snake:1:  layout_onion, basic_altar, grunt_ministairs_5
Snake:2:  layout_misc_corridors, serial_bayou_shore_b
Snake:3:  nicolae_snake_unarmed_stairs_patrol, layout_cave_town, serial_shops,
          shop
Snake:4:  minmay_snake_end_coiled, layout_cave_town, uniq_aizul
Slime:1:  layout_caves
Slime:2:  layout_caves
Slime:3:  layout_caves
Slime:4:  layout_caves
Slime:5
Orc:1:    layout_diamond_mine, serial_shops,
          nicolae_shop_temple_entry_statues_fountains
Orc:2:    st_orc_ogre_mass, layout_caves, basic_altar, nicolae_shop_clearance
Elf:1:    nicolae_elf_arrival_aired_out, layout_gridlike,
          portal_ice_cave_entry_pillars_1, serial_shops, nicolae_shop_trees,
          hangedman_elven_crosses_minicolossus, grunt_megastairs_3
Elf:2:    nicolae_elf_blades_splatter_lattice
          [nicolae_blade_entry_hurt_lockers], layout_gridlike
Vaults:1: infiniplex_enter_wizlab_water, nicolae_vaults_diagonal_hallway_8,
          v_misc_14, vaults_mumra_chevron, vaults_dpeg_ring,
          nicolae_vaults_little_squares_1, nicolae_vaults_network_periphery,
          v_misc_30, nicolae_vaults_little_squares_6,
          ontoclasm_vaults_ring_large, v_misc_32, ontoclasm_vaults_eye,
          layout_vaults_omnigrid, serial_shops,
          nicolae_shop_temple_entry_statues_fountains, nicolae_shop_crystal
Vaults:2: hangedman_vaults_stagger, v_misc_11, grunt_vaults_hallway_long,
          grunt_vaults_swirl, serial_ice_g, ontoclasm_vaults_bender,
          v_pattern_1, vaults_mumra_minichess_inversion, ontoclasm_vaults_pinch,
          nicolae_vaults_mini_display_case, layout_vaults_maze, serial_shops,
          nicolae_shop_waterfront, uniq_boris, uniq_xtahua, uniq_donald,
          uniq_margery, uniq_mara
Vaults:3: nicolae_vaults_network_star, minmay_crypt_entry_skeletal_spiral,
          ontoclasm_vaults_hangar, v_alt_pattern_5, vaults_room_grid,
          ontoclasm_vaults_spin, grunt_vaults_diagonal,
          vaults_room_hangedman_quadrants, nicolae_vaults_ninety_degrees,
          vaults_dpeg_doors, v_rooms_5, v_misc_19,
          nicolae_vaults_little_squares_6, nicolae_vaults_yaktaur_gun_rack,
          vaults_dpeg_hooks, layout_vaults_big_cross
Vaults:4: st_check, v_alt_pattern_4, ontoclasm_vaults_ring_large,
          nicolae_vaults_network_square, vaults_room_fancy_cross,
          ontoclasm_vaults_idyll, nicolae_vaults_alarming,
          nicolae_vaults_triangles, v_rooms_3, vaults_room_stairs_pillars,
          serial_ice_m, v_misc_4, hangedman_vaults_cutoff,
          grunt_vaults_hallway_short, vaults_room_hallway, layout_vaults_ring
Vaults:5
Crypt:1:  layout_chaotic_city, due_unseen_surprise
Crypt:2:  layout_regular_city, st_stairs_13, grunt_megastairs_2,
          lemuel_upstairs_altar, uniq_sojobo
Crypt:3:  david_glass_crypt, layout_misc_corridors, uniq_saint_roka, uniq_jory
Depths:1: layout_gridville, nicolae_qazlal_scattered_showers, pf_coc_iceberg,
          minmay_guarded_unrand_mage, minmay_shop_star
Depths:2: minmay_swirls_squares, layout_cave_shapes, enter_ziggurat_a,
          grunt_pan_entry_sceptre, nicolae_elyvilon_temple_path, hell_entry,
          serial_bayou_shore_a, infiniplex_staircase_squiggle, uniq_nikola,
          uniq_bai_suzhen
Depths:3: minmay_connected_boxes_in_corner, layout_honeycomb,
          rand_demon_pan_entry_9, hell_entry, abyss_entry,
          hangedman_abyss_or_decor_stagger
Depths:4: grunt_zot_entry_tricorne, layout_cave_pools, special_room
          [special_room_jelly], hell_entry, corexii_corridor_pit,
          minmay_misc_feat_cross
Abyss:5:  base: D:2, base: D:15, grunt_abyss_rune_forest_and_sorcery,
          evilmike_abyss_exit_14, evilmike_abyss_exit_12,
          nicolae_abyss_rune_left_handed, evilmike_abyss_exit_chaos,
          serial_sigils_hangedman_gut, bh_abyss_negative,
          evilmike_nicolae_abyss_rune_betentacled_crabyss,
          grunt_abyss_exit_deep_breaths, evilmike_abyss_rune_siren_acolytes,
          base: Snake:4, abyss_exit_lava,
          evilmike_nicolae_abyss_rune_containment_curve,
          evilmike_abyss_exit_vortex, minivault_23, hangedman_abyss_batty_box,
          lemuel_flamethrower_hall, grunt_abyss_rune_forest_and_sorcery

Skill      XL: |  1  2  3  4  5  6  7  8  9 10 11 12 13 14 15 16 17 18 19 20 21 22 23 24 25 26 27 |
---------------+----------------------------------------------------------------------------------+-----
Spellcasting   | 4 5 6 7 8 9 10 11 12 13 14 15 16 17 18 21 | 21.8
Fighting       | 1 3 6 8 9 10 11 12 13 14 15 16 17 18 19 20 21 22 | 22.0
Armour         | 1 2 4 5 6 7 8 9 11 12 13 14 | 14.2
Shields        | 1 4 6 7 8 9 10 11 12 13 | 13.3
Invocations    | 1 3 5 6 7 8 9 10 11 12 13 14 | 14.9
Dodging        | 3 4 6 7 8 9 10 11 12 13 14 15 16 | 16.2
Stealth        | 2 3 5 7 8 10 11 12 13 14 15 | 15.9

Action                   |  1- 3 |  4- 6 |  7- 9 | 10-12 | 13-15 | 16-18 | 19-21 | 22-24 | 25-27 || total
-------------------------+-------+-------+-------+-------+-------+-------+-------+-------+-------++-------
Melee: Staff             |       |       |       |       |     8 |     2 |     6 |     7 |    11 ||    34
 Cast: Magic Dart        |    58 |   101 |     9 |    10 |    10 |     4 |     3 |     1 |     4 ||   200
       Searing Ray       |     2 |     2 |       |       |     3 |       |       |       |       ||     7
       Iskenderun's Myst |       |     2 |    13 |    47 |   159 |   236 |   257 |   242 |   188 ||  1144
       Fulminant Prism   |       |     3 |     7 |    14 |    38 |   152 |    87 |    43 |    20 ||   364
       Stone Arrow       |       |       |    70 |   173 |   244 |   275 |   257 |   211 |   147 ||  1377
       Flame Wave        |       |       |     2 |       |     6 |     3 |       |     3 |     1 ||    15
       Iskenderun's Batt |       |       |       |     3 |       |       |     1 |       |       ||     4
       Manifold Assault  |       |       |       |       |     3 |       |       |       |     1 ||     4
       Corpse Rot        |       |       |       |       |     1 |       |       |       |       ||     1
       Summon Cactus Gia |       |       |       |       |       |     1 |       |       |       ||     1
       Orb of Destructio |       |       |       |       |       |       |   168 |   324 |   204 ||   696
       Starburst         |       |       |       |       |       |       |    11 |    90 |    55 ||   156
       Enfeeble          |       |       |       |       |       |       |     1 |     1 |       ||     2
       Lehudib's Crystal |       |       |       |       |       |       |       |       |   431 ||   431
       Fire Storm        |       |       |       |       |       |       |       |       |    19 ||    19
       Beastly Appendage |       |       |       |       |       |       |       |       |     1 ||     1
       Monstrous Menager |       |       |       |       |       |       |       |       |     1 ||     1
Invok: Greater Servant o |       |       |       |       |       |       |       |       |     1 ||     1
       Lesser Servant of |       |       |       |       |       |       |       |       |     1 ||     1
Evoke: Wand              |       |       |       |       |       |       |       |     2 |     2 ||     4
  Use: Scroll            |       |       |     8 |    19 |     5 |     3 |     4 |     9 |    13 ||    61
       Potion            |       |       |     1 |     1 |     4 |     3 |     2 |     6 |    19 ||    36
Armor: Robe              |     3 |     3 |     3 |    12 |    12 |    19 |     5 |    12 |    35 ||   104
Dodge: Dodged            |     5 |    16 |     8 |    30 |    67 |    58 |    76 |   140 |   147 ||   547
       Repelled          |       |       |       |       |     1 |    31 |    12 |    15 |    11 ||    70
Block: Buckler           |       |       |       |    12 |    42 |    12 |    12 |       |       ||    78
       Kite shield       |       |       |       |       |       |    51 |    70 |   124 |   168 ||   413
